 Dungeon Crawl Stone Soup version 0.29.0-4-gdea44cf6ec (webtiles) character file.

Game seed: 812874488255501967

950 qw the Chopper (level 8, -9/48 HPs)
             Began as a Gargoyle Berserker on Sept 5, 2022.
             Was a Believer of Trog.
             Mangled by an orc warrior
             ... wielding a +0 flail
              (14 damage)
             ... on level 5 of the Dungeon.
             The game lasted 00:01:26 (4649 turns).

qw the Chopper (Gargoyle Berserker)                 Turns: 4649, Time: 00:01:27

Health: -9/48      AC: 21    Str: 37    XL:     8   Next: 13%
Magic:  8/8        EV: 10    Int:  5    God:    Trog [**....]
Gold:   194        SH:  5    Dex: 19    Spells: 7/7 levels left

rFire   . . .      SeeInvis +   Y - +0 war axe (venom)
rCold   + . .      Faith    .   f - +0 buckler
rNeg    + . .      Spirit   .   n - +5 chain mail "Gaust" {Contam Str+8 SInv}
rPois   inf        Reflect  .   i - +2 hat
rElec   +          Harm     .   (no cloak)
rCorr   .          Rampage  .   (no gloves)
Will    .....                   (no boots)
Stlth   ..........              (no amulet)
HPRegen 0.16/turn               l - +6 ring of dexterity
MPRegen 0.11/turn               j - ring "Jistruasa" {rC+ Str+6 Int-3 Dex+4 SInv}

@: about to teleport, on berserk cooldown, slowed, very slow
A: sickness immunity, AC +5, negative energy resistance 1, electricity
resistance, torment resistance 1, petrification resistance
a: Renounce Religion, Berserk, Trog's Hand


You were on level 5 of the Dungeon.
You worshipped Trog.
Trog was pleased with you.
You visited 1 branch of the dungeon, and saw 5 of its levels.

You collected 228 gold pieces.
You spent 34 gold pieces at shops.


Innate Abilities, Weirdness & Mutations

You are immune to sickness and miasma.
Your stone body is resilient. (AC +5)
You are immune to poison.
You resist negative energy. (rN+)
You are resistant to electric shocks. (rElec)
You are resistant to unholy torment.
You are immune to petrification.


   Skills:
 + Level 4.7 Fighting
 - Level 7.1 Axes
 - Level 1.0 Throwing
 - Level 2.1 Armour
 - Level 2.5 Dodging
 - Level 3.7 Shields


You had 7 spell levels left.
You didn't know any spells.
Your spell library was empty.

Inventory:

Hand Weapons
 b - a +0 flail
 Y - a +0 war axe of venom (weapon)
Missiles
 c - 2 javelins (quivered)
Armour
 f - a +0 buckler (worn)
 i - a +2 hat (worn)
 n - the +5 chain mail "Gaust" (worn) {Contam Str+8 SInv}
   (You found it on level 3 of the Dungeon)

   Str:       It affects your strength (+8).
   SInv:      It lets you see invisible.
   Contam:    It causes magical contamination when unequipped.
Jewellery
 j - the ring "Jistruasa" (right hand) {rC+ Str+6 Int-3 Dex+4 SInv}
   (You found it on level 4 of the Dungeon)

   [ring of strength]

   Str:       It affects your strength (+6).
   Int:       It affects your intelligence (-3).
   Dex:       It affects your dexterity (+4).
   rC:        It protects you from cold.
   SInv:      It lets you see invisible.
 l - a +6 ring of dexterity (left hand)
Scrolls
 a - a scroll of identify
Potions
 g - a potion of might
 m - a potion of attraction {unknown}
 q - 3 potions of curing

Dungeon Overview and Level Annotations

Branches:
Dungeon (5/15)
 Temple: D:4-7

Altars:
Fedhas
Hepliaklqana
Okawaru
Qazlal
Ru
Uskayaw
Xom
The Shining One

Shops:
D:3 =:*


Message History

You barely miss the orc priest. The orc priest barely misses you.
An orc warrior comes into view. It is wielding a +0 flail.
The orc priest hits you but does no damage. x2
You slash the orc priest!
The orc priest is poisoned.
The orc priest is heavily wounded.
You slash the orc priest!
The orc priest begins to cast a cantrip, but forgets the words!
The orc priest hits you but does no damage.
You block the orc priest's attack.
The orc priest hits you but does no damage.
You hit the orc priest.
You kill the orc priest!
Trog accepts your kill.
You completely miss the orc priest.
The orc priest invokes the aid of Beogh against you.
Beogh smites you!
You barely miss the orc priest.
The orc priest is severely wounded.
You hit the orc warrior.
The orc warrior is poisoned.
An orc comes into view. It is wielding a +2 dagger of venom.
The orc warrior barely misses you. The orc priest hits you with a +0 mace.
The orc priest miscasts a cantrip.
The orc warrior hits you with a +0 flail!
The orc shouts!
You hit the orc priest.
The orc priest is poisoned.
The orc priest is almost dead.
You barely miss the orc warrior.
You kill the orc priest!
Trog accepts your kill.
The orc warrior hits you with a +0 flail. x2
4648 ||| READING scroll of teleportation.
As you read the scroll of teleportation, it crumbles to dust.
You feel strangely unstable.
The orc warrior hits you but does no damage.
You hit the orc warrior.
The orc warrior looks as sick as possible!
The orc warrior is heavily wounded.
The orc warrior hits you with a +0 flail!
You die...

.# ..# ## ...#.
... .#.. #. #..
...#... ######..#
.#...#.
.....#..###o..#...
.........o)#...#
#.......@...#...
#.............#
#..)........##..
#....)).....#
#####)#.....#
#.#.....#
#.####### #.#
#.######


You could see an orc warrior (extremely poisoned) and an orc.

Vanquished Creatures
  A black bear (D:5)
  A sky beast (D:4)
  An ogre (D:3)
  A phantom (D:4)
  A necrophage (D:5)
  2 scorpions
  2 hounds (D:4)
  6 orc priests
  2 orc wizards
  5 adders
  6 worms
  2 dart slugs (D:2)
  15 orcs
  3 ball pythons
  2 endoplasms
  2 giant cockroaches (D:2)
  7 hobgoblins
  3 kobolds
  2 quokkas
  7 bats
  A frilled lizard (D:3)
  6 goblins
  5 rats
83 creatures vanquished.

Notes
Turn   | Place    | Note
-------+----------+-------------------------------------------
     0 | D:1      | qw the Gargoyle Berserker began the quest for the Orb.
     0 | D:1      | Reached XP level 1. HP: 14/14 MP: 1/1
     0 | D:1      | 0 ||| qw: Version: 0.1-a-104-g96f76f8
     0 | D:1      | 0 ||| qw: Game counter: 5851
     0 | D:1      | 0 ||| qw: Always use a shield: true
     0 | D:1      | 0 ||| qw: Do Orc after D:15 true
     0 | D:1      | 0 ||| qw: Do second Lair branch before Depths: true
     0 | D:1      | 0 ||| qw: Lair rune preference: random
     0 | D:1      | 0 ||| qw: Plans: Normal
     0 | D:1      | 0 ||| PLANNING D:1-11
    51 | D:1      | 51 ||| INVOKING Berserk.
   320 | D:1      | Reached skill level 3 in Axes
   611 | D:1      | Reached XP level 2. HP: 19/19 MP: 2/2
   676 | D:1      | Found a faded altar of an unknown god.
   810 | D:1      | 810 ||| DROPPING +0 club.
  1004 | D:1      | 1004 ||| UPGRADING to +0 ring mail.
  1014 | D:1      | 1014 ||| DROPPING +0 animal skin.
  1015 | D:1      | 1015 ||| UPGRADING to +1 hat.
  1020 | D:1      | 1020 ||| READING 2 scrolls labelled YGUTWICOAR.
  1021 | D:1      | 1021 ||| READING scroll of enchant armour.
  1021 | D:1      | 1021 ||| ENCHANTING +1 hat.
  1022 | D:1      | 1022 ||| READING scroll labelled ZAOPTU DELIQAT.
  1023 | D:1      | 1023 ||| READING scroll labelled LULACKO RYOXT.
  1024 | D:1      | 1024 ||| READING scroll labelled WYIHEFIGAN.
  1025 | D:1      | 1025 ||| READING scroll labelled WENADAIGUU.
  1030 | D:1      | 1030 ||| READING scroll labelled CIPOAKL DITTA.
  1031 | D:1      | 1031 ||| READING scroll labelled UVUESCH PEEZEC.
  1132 | D:1      | 1132 ||| DRINKING 2 fuming pink potions.
  1133 | D:1      | 1133 ||| DROPPING potion of flight.
  1134 | D:1      | 1134 ||| DROPPING scroll of immolation.
  1216 | D:2      | Noticed a scorpion
  1223 | D:2      | 1223 ||| INVOKING Berserk.
  1228 | D:2      | Killed a scorpion
  1229 | D:2      | Reached skill level 4 in Axes
  1229 | D:2      | Reached XP level 3. HP: 10/23 MP: 3/3
  1229 | D:2      | Reached XP level 4. HP: 12/28 MP: 4/4
  1500 | D:2      | 1500 ||| Stepping ~*~*~tactically~*~*~ (water).
  1588 | D:2      | Found a blossoming altar of Fedhas.
  1611 | D:2      | 1611 ||| Stepping ~*~*~tactically~*~*~ (hiding).
  1612 | D:2      | 1612 ||| Stepping ~*~*~tactically~*~*~ (hiding).
  1934 | D:2      | 1934 ||| UPGRADING to +0 buckler.
  1939 | D:2      | 1939 ||| READING 2 scrolls labelled NOSAOG ESUUXU.
  1940 | D:2      | 1940 ||| READING scroll labelled ISAOCLANT QULY.
  1941 | D:2      | 1941 ||| READING 2 scrolls labelled RAUSOA EFENE.
  1942 | D:2      | 1942 ||| DROPPING scroll of poison.
  2143 | D:3      | Found a stormy altar of Qazlal.
  2151 | D:3      | Found a hide-covered altar of Uskayaw.
  2178 | D:3      | Reached skill level 1 in Shields
  2190 | D:3      | 2190 ||| FLEEEEING.
  2191 | D:3      | 2191 ||| FLEEEEING.
  2192 | D:3      | 2192 ||| FLEEEEING.
  2201 | D:3      | 2201 ||| FLEEEEING.
  2202 | D:3      | 2202 ||| FLEEEEING.
  2205 | D:3      | 2205 ||| FLEEEEING.
  2208 | D:3      | 2208 ||| FLEEEEING.
  2209 | D:3      | 2209 ||| FLEEEEING.
  2212 | D:3      | 2212 ||| FLEEEEING.
  2213 | D:3      | 2213 ||| FLEEEEING.
  2217 | D:3      | 2217 ||| FLEEEEING.
  2218 | D:3      | 2218 ||| FLEEEEING.
  2222 | D:3      | 2222 ||| FLEEEEING.
  2223 | D:3      | 2223 ||| FLEEEEING.
  2263 | D:3      | Noticed a scorpion
  2279 | D:3      | Killed a scorpion
  2280 | D:3      | Reached XP level 5. HP: 18/32 MP: 5/5
  2461 | D:3      | Found Ypyll's Book Emporium.
  2462 | D:3      | 2462 ||| Stepping ~*~*~tactically~*~*~ (stealth).
  2465 | D:3      | 2465 ||| Stepping ~*~*~tactically~*~*~ (stealth).
  2639 | D:3      | Found Dimulo's Jewellery Shoppe.
  2647 | D:3      | 2647 ||| SHOPLISTING +4 ring of evasion (504 gold, have
                  | 125).
  2647 | D:3      | 2647 ||| SHOPLISTING ring of Wishful Thinking {*Corrode rN+
                  | Int+3 Dex+6} (670 gold, have 125).
  2647 | D:3      | 2647 ||| SHOPLISTING ring of positive energy (280 gold,
                  | have 125).
  2647 | D:3      | 2647 ||| SHOPLISTING ring of protection from fire (350
                  | gold, have 125).
  2647 | D:3      | 2647 ||| SHOPLISTING ring of resist corrosion (280 gold,
                  | have 125).
  2647 | D:3      | 2647 ||| SHOPLISTING ring of see invisible (210 gold, have
                  | 125).
  2718 | D:3      | Found a sacrificial altar of Ru.
  2790 | D:3      | Found a glowing golden altar of the Shining One.
  2822 | D:3      | 2822 ||| Stepping ~*~*~tactically~*~*~ (stealth).
  2833 | D:3      | Found Gubrixyo's Assorted Antiques.
  2838 | D:3      | Reached ** piety under Trog
  2843 | D:3      | Found an iron altar of Okawaru.
  2857 | D:3      | Reached skill level 1 in Throwing
  2878 | D:3      | 2878 ||| BUYING inky potion (17 gold).
  2878 | D:3      | Bought an inky potion for 17 gold pieces
  2878 | D:3      | 2878 ||| BUYING lumpy green potion (17 gold).
  2878 | D:3      | Bought a lumpy green potion for 17 gold pieces
  2910 | D:3      | Noticed an ogre
  2911 | D:3      | 2911 ||| INVOKING Berserk.
  2913 | D:3      | Killed an ogre
  2914 | D:3      | Reached skill level 5 in Axes
  2914 | D:3      | Reached XP level 6. HP: 37/37 MP: 6/6
  3245 | D:3      | Identified the +5 chain mail "Gaust" {Contam Str+8 SInv}
  3247 | D:3      | 3247 ||| UPGRADING to +0 scale mail.
  3257 | D:3      | 3257 ||| DROPPING +0 ring mail.
  3258 | D:3      | 3258 ||| UPGRADING to +5 chain mail "Gaust" {Contam Str+8
                  | SInv}.
  3268 | D:3      | 3268 ||| DROPPING +0 scale mail.
  3269 | D:3      | 3269 ||| UPGRADING to +6 ring of dexterity.
  3270 | D:3      | 3270 ||| READING scroll labelled LOHILO YTOHOIG.
  3271 | D:3      | 3271 ||| DRINKING 2 inky potions.
  3272 | D:3      | 3272 ||| DRINKING 3 ruby potions.
  3273 | D:3      | 3273 ||| READING 2 scrolls of identify.
  3273 | D:3      | 3273 ||| IDENTIFYING glowing pink potion
  3274 | D:3      | 3274 ||| DROPPING potion of invisibility.
  3301 | D:4      | 3301 ||| INVOKING Berserk.
  3398 | D:4      | 3398 ||| DROPPING +0 mace.
  3540 | D:4      | 3540 ||| Stepping ~*~*~tactically~*~*~ (hiding).
  3541 | D:4      | 3541 ||| Stepping ~*~*~tactically~*~*~ (hiding).
  3549 | D:4      | 3549 ||| INVOKING Berserk.
  3574 | D:4      | HP: 5/38 [orc/+0 war axe (6)]
  3575 | D:4      | 3575 ||| READING scroll of teleportation.
  3576 | D:4      | 3576 ||| DRINKING potion of heal wounds.
  3708 | D:4      | 3708 ||| SWAPPING to +0 war axe.
  3717 | D:4      | 3717 ||| DROPPING +0 hand axe.
  3798 | D:4      | Reached skill level 6 in Axes
  3798 | D:4      | Reached XP level 7. HP: 43/43 MP: 7/7
  3889 | D:4      | Reached skill level 3 in Shields
  3911 | D:4      | Found a hazy altar of Hepliaklqana.
  3912 | D:4      | Found a shimmering altar of Xom.
  3913 | D:4      | Noticed a spectral ugly thing
  3975 | D:4      | Identified the ring "Jistruasa" {rC+ Str+6 Int-3 Dex+4
                  | SInv}
  4440 | D:4      | 4440 ||| UPGRADING to ring "Jistruasa" {rC+ Str+6 Int-3
                  | Dex+4 SInv}.
  4441 | D:4      | 4441 ||| READING scroll labelled NEXZICVUGOSS.
  4442 | D:4      | 4442 ||| DRINKING 2 silvery potions.
  4443 | D:4      | 4443 ||| READING 2 scrolls of identify.
  4443 | D:4      | 4443 ||| IDENTIFYING sedimented amethyst potion
  4444 | D:4      | 4444 ||| DROPPING potion of lignification.
  4476 | D:5      | Entered Level 5 of the Dungeon
  4493 | D:5      | 4493 ||| INVOKING Berserk.
  4613 | D:5      | 4613 ||| Stepping ~*~*~tactically~*~*~ (hiding).
  4614 | D:5      | 4614 ||| Stepping ~*~*~tactically~*~*~ (hiding).
  4634 | D:5      | 4634 ||| INVOKING Berserk.
  4636 | D:5      | Reached skill level 7 in Axes
  4636 | D:5      | Reached XP level 8. HP: 48/48 MP: 8/8
  4647 | D:5      | HP: 10/48 [orc warrior/+0 flail (3)]
  4648 | D:5      | 4648 ||| READING scroll of teleportation.
  4649 | D:5      | Mangled by an orc warrior

Levels and vault maps discovered:
D:1:      ebering_trefoil_3fold, layout_basic, hellmonk_ecumenical_altar_blasted
D:2:      wander_river, layout_rooms, basic_altar
D:3:      layout_basic, mainiacjoe_overflow_alcove_1, lemuel_doored_altar,
          mainiacjoe_overflow_six_doors_small, nicolae_overflow_squiral,
          serial_shops, nicolae_shop_advertising_works
          [nicolae_subvault_shop_adworks], shop, nicolae_shop_hallway_plus
D:4:      layout_basic, regret_index_temple_of_mockery
D:5:      layout_basic, minmay_temple_entry_nine_rooms, st_stairs_7, hex_large

Skill      XL: |  1  2  3  4  5  6  7 |
---------------+----------------------+-----
Axes           | 3 4 5 6 7 |  7.1
Shields        | 2 3 |  3.7
Throwing       | 1 |  1.0
Fighting       | 4 |  4.7
Dodging        | 2 |  2.5
Armour         | |  2.1

Action                   |  1- 3 |  4- 6 |  7- 9 || total
-------------------------+-------+-------+-------++-------
Melee: Hand axe          |    45 |   145 |       ||   190
       War axe           |       |    12 |    58 ||    70
Throw: Javelin           |       |    20 |     7 ||    27
Invok: Berserk           |     2 |     3 |     2 ||     7
  Use: Scroll            |     8 |     6 |     3 ||    17
       Potion            |     1 |     3 |     1 ||     5
Armor: Animal skin       |     4 |       |       ||     4
       Ring mail         |     6 |    50 |       ||    56
       Chain mail        |       |    24 |    34 ||    58
Dodge: Dodged            |    25 |    73 |    25 ||   123
Block: Buckler           |       |    22 |    11 ||    33

Table legend:
 A = Non-vault XP
 B = Vault XP
 C = Vault XP percentage of total XP
 D = Non-vault monster count
 E = Vault monster count
 F = Vault count percentage of total count
                 A         B        C        D         E       F
            +---------+---------+-------+---------+---------+-------
      Total |    1358 |       0 |   0.0 |      83 |       0 |   0.0
            +---------+---------+-------+---------+---------+-------
        D:1 |      14 |       0 |   0.0 |       9 |       0 |   0.0
        D:2 |     105 |       0 |   0.0 |      12 |       0 |   0.0
        D:3 |     271 |       0 |   0.0 |      20 |       0 |   0.0
        D:4 |     557 |       0 |   0.0 |      27 |       0 |   0.0
        D:5 |     411 |       0 |   0.0 |      15 |       0 |   0.0
            +---------+---------+-------+---------+---------+-------
